| TOP OF THE 1ST |
|
University of Oklahoma Sooners batting - Pitching for Coastal Carolina University Chanticleers : LHP Arturo Guevara
|
|
Pitching: LHP Arturo Guevara
|
|
|
Batting: LHB Alex Benabides
|
0-0: Ball 1-0: Fly out, F3 (Line Drive, 3, EV 67.5 MPH)
|
|
Batting: LHB Paul Mooris
|
0-0: Ball 1-0: Ball 2-0: Ball 3-0: Called Strike 3-1: Base on Balls
|
|
Batting: RHB Ruben Arreola
|
0-0: Ball 1-0: DOUBLE (Flyball, 78D, EV 115.6 MPH) Paul Mooris to third Paul Mooris scores
|
|
Batting: RHB Suk Hahn
|
0-0: DOUBLE (Line Drive, 8LXD, EV 98.1 MPH) Ruben Arreola scores
|
|
Batting: LHB Cameron Marinelli
|
0-0: Ball 1-0: Ball 2-0: Ball 3-0: Called Strike 3-1: Called Strike 3-2: Strikes out swinging
|
|
Batting: RHB Eric Peterson
|
0-0: Foul Ball, location: 2F 0-1: Fly out, F9 (Flyball, 9, EV 97.5 MPH)
|
| Top of the 1st over - 2 runs, 2 hits, 0 errors, 1 left on base; University of Oklahoma 2 - Coastal Carolina University 0 |
| BOTTOM OF THE 1ST |
|
Coastal Carolina University Chanticleers batting - Pitching for University of Oklahoma Sooners : RHP Billy Russell
|
|
Pitching: RHP Billy Russell
|
|
|
Batting: RHB Tatsunori Ishigaki
|
0-0: Called Strike 0-1: Foul Ball, location: 2F 0-2: Strikes out looking
|
|
Batting: RHB Chris Marcellus
|
0-0: Ball 1-0: Ball 2-0: Ground out 5-3 (Groundball, 56, EV 81.2 MPH)
|
|
Batting: LHB Orlando Hurtado
|
0-0: Called Strike 0-1: Ball 1-1: Ball 2-1: Foul Ball, location: 2F 2-2: Ball 3-2: Strikes out swinging
|
| Bottom of the 1st over - 0 runs, 0 hits, 0 errors, 0 left on base; University of Oklahoma 2 - Coastal Carolina University 0 |
| TOP OF THE 2ND |
|
University of Oklahoma Sooners batting - Pitching for Coastal Carolina University Chanticleers : LHP Arturo Guevara
|
|
Batting: LHB Toby Clark
|
0-0: Called Strike 0-1: Ground out 5-3 (Groundball, 5S, EV 91.9 MPH)
|
|
Batting: RHB Ben Gappa
|
0-0: Ball 1-0: Ground out 3-1 (Groundball, 34S, EV 79.4 MPH)
|
|
Batting: RHB Jon Hubbard
|
0-0: Called Strike 0-1: Ball 1-1: Foul Ball, location: 2F 1-2: Strikes out looking
|
| Top of the 2nd over - 0 runs, 0 hits, 0 errors, 0 left on base; University of Oklahoma 2 - Coastal Carolina University 0 |
| BOTTOM OF THE 2ND |
|
Coastal Carolina University Chanticleers batting - Pitching for University of Oklahoma Sooners : RHP Billy Russell
|
|
Batting: RHB Isaac Washington
|
0-0: Ball 1-0: Called Strike 1-1: Ground out 2-3 (Groundball, 15S, EV 71.9 MPH)
|
|
Batting: RHB Alex Montiel
|
0-0: Called Strike 0-1: Foul Ball, location: 2F 0-2: Ball 1-2: SINGLE (Groundball, 34D, EV 97.5 MPH)
|
|
Batting: RHB Oscar Hernandez
|
0-0: Ball Alex Montiel steals 2nd base 1-0: Called Strike 1-1: Foul Ball, location: 2F 1-2: Ball 2-2: Single, Error in OF, E8, batter to second base (Groundball, 6MD, EV 99.4 MPH) Alex Montiel scores
|
|
Batting: RHB Fernando Tovar
|
0-0: Ground out 6-3 (Groundball, 6, EV 86.9 MPH)
|
|
Batting: LHB Kevin Lech
|
0-0: Called Strike 0-1: Ground out 4-3 (Groundball, 4, EV 88.8 MPH)
|
| Bottom of the 2nd over - 1 run, 2 hits, 1 error, 1 left on base; University of Oklahoma 2 - Coastal Carolina University 1 |
| TOP OF THE 3RD |
|
University of Oklahoma Sooners batting - Pitching for Coastal Carolina University Chanticleers : LHP Arturo Guevara
|
|
Batting: LHB Alex Benabides
|
0-0: Foul Ball, location: 2F 0-1: Ball 1-1: Swinging Strike 1-2: Ball 2-2: Ball 3-2: Base on Balls
|
|
Batting: LHB Paul Mooris
|
0-0: Ball 1-0: SINGLE (Line Drive, 6M, EV 99.4 MPH) Alex Benabides to second
|
|
Batting: RHB Ruben Arreola
|
0-0: Ball Wild Pitch! Alex Benabides to third Paul Mooris to second 1-0: Fly out, F9 (Flyball, 89M, EV 90.6 MPH) Runner from 3rd tags up, OUT at HOME! 9-2 Paul Mooris to third
|
|
Batting: RHB Suk Hahn
|
0-0: Ground out 6-3 (Groundball, 6, EV 83.8 MPH)
|
| Top of the 3rd over - 0 runs, 1 hit, 0 errors, 1 left on base; University of Oklahoma 2 - Coastal Carolina University 1 |
| BOTTOM OF THE 3RD |
|
Coastal Carolina University Chanticleers batting - Pitching for University of Oklahoma Sooners : RHP Billy Russell
|
|
Batting: RHB Tristan Walsh
|
0-0: Foul Ball, location: 2F 0-1: Ball 1-1: Called Strike 1-2: Foul Ball, location: 2F 1-2: Strikes out swinging
|
|
Batting: RHB Tatsunori Ishigaki
|
0-0: Called Strike 0-1: Ball 1-1: Swinging Strike 1-2: Ball 2-2: DOUBLE (Line Drive, 78D, EV 93.8 MPH)
|
|
Batting: RHB Chris Marcellus
|
0-0: Foul Ball, location: 2F 0-1: Called Strike 0-2: Ball 1-2: Ball 2-2: Strikes out swinging
|
|
Batting: LHB Orlando Hurtado
|
0-0: Ball 1-0: Ball 2-0: Called Strike 2-1: Ground out U3 (Groundball, 34, EV 91.2 MPH)
|
| Bottom of the 3rd over - 0 runs, 1 hit, 0 errors, 1 left on base; University of Oklahoma 2 - Coastal Carolina University 1 |
| TOP OF THE 4TH |
|
University of Oklahoma Sooners batting - Pitching for Coastal Carolina University Chanticleers : LHP Arturo Guevara
|
|
Batting: LHB Cameron Marinelli
|
0-0: Ball 1-0: Fly out, F4 (Line Drive, 34, EV 70.0 MPH)
|
|
Batting: RHB Eric Peterson
|
0-0: Ground out 3-1 (Groundball, 34, EV 80.6 MPH)
|
|
Batting: LHB Toby Clark
|
0-0: Ball 1-0: Ball 2-0: Called Strike 2-1: Swinging Strike 2-2: Strikes out swinging
|
| Top of the 4th over - 0 runs, 0 hits, 0 errors, 0 left on base; University of Oklahoma 2 - Coastal Carolina University 1 |
| BOTTOM OF THE 4TH |
|
Coastal Carolina University Chanticleers batting - Pitching for University of Oklahoma Sooners : RHP Billy Russell
|
|
Batting: RHB Isaac Washington
|
0-0: Ball 1-0: Fly out, F7 (Flyball, 7LM, EV 89.4 MPH)
|
|
Batting: RHB Alex Montiel
|
0-0: Ball 1-0: Swinging Strike 1-1: Foul Ball, location: 2F 1-2: Foul Ball, location: 2F 1-2: Strikes out swinging
|
|
Batting: RHB Oscar Hernandez
|
0-0: Foul Ball, location: 2F 0-1: Ball 1-1: Foul Ball, location: 2F 1-2: Ball 2-2: Fly out, F4 (Popup, 34S, EV 75.6 MPH)
|
| Bottom of the 4th over - 0 runs, 0 hits, 0 errors, 0 left on base; University of Oklahoma 2 - Coastal Carolina University 1 |
| TOP OF THE 5TH |
|
University of Oklahoma Sooners batting - Pitching for Coastal Carolina University Chanticleers : LHP Arturo Guevara
|
|
Now at 2B: Ferri Casteleijn
|
|
|
Now at SS: Rene Napoles
|
|
|
Now in CF: Iher Waithaka
|
|
|
Batting: RHB Ben Gappa
|
0-0: Ball 1-0: Called Strike 1-1: Foul Ball, location: 2F 1-2: Ball 2-2: Strikes out swinging
|
|
Batting: RHB Jon Hubbard
|
0-0: Foul Ball, location: 2F 0-1: Foul Ball, location: 2F 0-2: Ball 1-2: Ball 2-2: Ball 3-2: Ground out 5-3 (Groundball, 56S, EV 67.5 MPH)
|
|
Pinch Hitting: RHB Kjeld Leen
|
0-0: Called Strike 0-1: Ball 1-1: Called Strike 1-2: Ball 2-2: Strikes out swinging, 2-3 out at first.
|
| Top of the 5th over - 0 runs, 0 hits, 0 errors, 0 left on base; University of Oklahoma 2 - Coastal Carolina University 1 |
| BOTTOM OF THE 5TH |
|
Coastal Carolina University Chanticleers batting - Pitching for University of Oklahoma Sooners : RHP Billy Russell
|
|
Pitching: RHP Adam Alioto
|
|
|
Now at C: Jason Higgins
|
|
|
Now at 1B: Sugiarto Kartosuwiryo
|
|
|
Now at 2B: Myles Sabine
|
|
|
Now at 3B: Jon Hubbard
|
|
|
Now at SS: David Stuckey
|
|
|
Now in LF: Min-zhong Ching
|
|
|
Now in CF: Jesus Montoya
|
|
|
Now in RF: Orlando Uribe
|
|
|
Pinch Hitting: LHB Nate Kokx
|
0-0: Ball 1-0: Foul Ball, location: 2F 1-1: Swinging Strike 1-2: Foul Ball, location: 2F 1-2: Foul Ball, location: 2F 1-2: Ball 2-2: Ball 3-2: Foul Ball, location: 2F 3-2: Ground out 4-3 (Groundball, 4, EV 106.2 MPH)
|
|
Batting: LHB Kevin Lech
|
0-0: Called Strike 0-1: Called Strike 0-2: Ball 1-2: Ball 2-2: Strikes out swinging
|
|
Batting: LHB Justin Kaller
|
0-0: Foul Ball, location: 2F 0-1: Swinging Strike 0-2: Strikes out swinging
|
| Bottom of the 5th over - 0 runs, 0 hits, 0 errors, 0 left on base; University of Oklahoma 2 - Coastal Carolina University 1 |
| TOP OF THE 6TH |
|
University of Oklahoma Sooners batting - Pitching for Coastal Carolina University Chanticleers : LHP Arturo Guevara
|
|
Pitching: RHP Steve Hewlett
|
|
|
Now at C: Gabe Bravo
|
|
|
Now at 1B: Justin Klein
|
|
|
Now in LF: Tristan Williams
|
|
|
Batting: RHB Jesus Montoya
|
0-0: Ball 1-0: Ball 2-0: Called Strike 2-1: DOUBLE (Line Drive, 3D, EV 105.0 MPH)
|
|
Batting: RHB Victor Borras
|
0-0: Foul Ball, location: 2F 0-1: Foul Ball, location: 2F 0-2: Ball 1-2: Ground out 6-3 (Groundball, 6, EV 88.8 MPH) Jesus Montoya to third
|
|
Batting: RHB Sugiarto Kartosuwiryo
|
0-0: Called Strike 0-1: Swinging Strike 0-2: Ball 1-2: Ball 2-2: SINGLE (Line Drive, 9LS, EV 88.8 MPH) Jesus Montoya scores
|
|
Batting: SHB Orlando Uribe
|
0-0: Ball 1-0: Swinging Strike 1-1: Ball Sugiarto Kartosuwiryo is caught stealing 2nd base 2-6 2-1: Foul Ball, location: 2F 2-2: Strikes out swinging
|
| Top of the 6th over - 1 run, 2 hits, 0 errors, 0 left on base; University of Oklahoma 3 - Coastal Carolina University 1 |
| BOTTOM OF THE 6TH |
|
Coastal Carolina University Chanticleers batting - Pitching for University of Oklahoma Sooners : RHP Adam Alioto
|
|
Pitching: LHP Billy Bradburn
|
|
|
Batting: RHB Ferri Casteleijn
|
0-0: Ground out 5-3 (Groundball, 56S, EV 71.9 MPH)
|
|
Pinch Hitting: LHB Justin Sanders
|
0-0: Ball 1-0: Called Strike 1-1: Ball 2-1: Called Strike 2-2: Ball 3-2: Foul Ball, location: 2F 3-2: Fly out, F6 (Line Drive, 6, EV 68.8 MPH)
|
|
Batting: RHB Justin Klein
|
0-0: Called Strike 0-1: Ball 1-1: Ground out 5-3 (Groundball, 56S, EV 74.4 MPH)
|
| Bottom of the 6th over - 0 runs, 0 hits, 0 errors, 0 left on base; University of Oklahoma 3 - Coastal Carolina University 1 |
| TOP OF THE 7TH |
|
University of Oklahoma Sooners batting - Pitching for Coastal Carolina University Chanticleers : RHP Steve Hewlett
|
|
Now at 3B: Tim Kirby
|
|
|
Now in RF: Justin Sanders
|
|
|
Batting: LHB Min-zhong Ching
|
0-0: Foul Ball, location: 2F 0-1: Ball 1-1: Ball 2-1: Ball 3-1: Base on Balls
|
|
Pinch Hitting: LHB Doug Lacenaire
|
0-0: Bunt missed! 0-1: Bunt missed! 0-2: Grounds out, U3 (Groundball, 3L, EV 109.4 MPH)
|
|
Batting: RHB Jason Higgins
|
0-0: Fly out, F7 (Flyball, 78D, EV 93.1 MPH)
|
|
Batting: RHB Jon Hubbard
|
0-0: Foul Ball, location: 2F 0-1: Called Strike 0-2: Strikes out swinging
|
| Top of the 7th over - 0 runs, 0 hits, 0 errors, 1 left on base; University of Oklahoma 3 - Coastal Carolina University 1 |
| BOTTOM OF THE 7TH |
|
Coastal Carolina University Chanticleers batting - Pitching for University of Oklahoma Sooners : LHP Billy Bradburn
|
|
Now at SS: Sam Mason
|
|
|
Batting: SHB Iher Waithaka
|
0-0: Foul Ball, location: 2F 0-1: Ball 1-1: Called Strike 1-2: Strikes out swinging
|
|
Batting: RHB Rene Napoles
|
0-0: Ball 1-0: Ground out 6-3 (Groundball, 56, EV 102.5 MPH)
|
|
Batting: RHB Tristan Williams
|
0-0: Ball 1-0: Swinging Strike 1-1: Ball 2-1: Bunt missed! 2-2: SINGLE (Groundball, 4M, EV 101.2 MPH) (infield hit)
|
|
Batting: RHB Gabe Bravo
|
0-0: Foul Ball, location: 2F 0-1: Foul Ball, location: 2F 0-2: Ball 1-2: Ball 2-2: Ball 3-2: Foul Ball, location: 2F 3-2: Ground out 6-3 (Groundball, 6, EV 80.0 MPH)
|
| Bottom of the 7th over - 0 runs, 1 hit, 0 errors, 1 left on base; University of Oklahoma 3 - Coastal Carolina University 1 |
| TOP OF THE 8TH |
|
University of Oklahoma Sooners batting - Pitching for Coastal Carolina University Chanticleers : RHP Steve Hewlett
|
|
Pitching: LHP Rich Holliday
|
|
|
Batting: RHB Myles Sabine
|
0-0: Called Strike 0-1: Ball 1-1: Foul Ball, location: 2F 1-2: Ball 2-2: Ball 3-2: Foul Ball, location: 2F 3-2: Strikes out swinging
|
|
Batting: RHB Jesus Montoya
|
0-0: Ground out 5-3 (Groundball, 56S, EV 80.0 MPH)
|
|
Batting: RHB Victor Borras
|
0-0: Ball 1-0: Fly out, F5 (Popup, 25F, EV 88.1 MPH)
|
| Top of the 8th over - 0 runs, 0 hits, 0 errors, 0 left on base; University of Oklahoma 3 - Coastal Carolina University 1 |
| BOTTOM OF THE 8TH |
|
Coastal Carolina University Chanticleers batting - Pitching for University of Oklahoma Sooners : LHP Billy Bradburn
|
|
Pitching: LHP Bobby Cimilluca
|
|
|
Batting: LHB Tim Kirby
|
0-0: Called Strike 0-1: SINGLE (Groundball, 6MD, EV 100.6 MPH)
|
|
Batting: RHB Dennis Bennett
|
0-0: Ball 1-0: Ball 2-0: SINGLE (Groundball, 6MD, EV 89.4 MPH) (infield hit) Tim Kirby to second
|
|
Batting: RHB Ferri Casteleijn
|
0-0: Bunted foul 0-1: Bunted foul 0-2: Foul Ball, location: 2F 0-2: Strikes out swinging
|
|
Pinch Hitting: RHB Chris McDaniel
|
0-0: SINGLE (Groundball, 6MD, EV 106.2 MPH) Tim Kirby to third Dennis Bennett to second
|
|
Batting: RHB Justin Klein
|
0-0: Called Strike 0-1: Ball 1-1: Fly out, F8 (Flyball, 8RXD, EV 89.4 MPH) Runner from 3rd tags up, SCORES, no throw by CF Dennis Bennett to third
|
|
Batting: SHB Iher Waithaka
|
0-0: Ball Wild Pitch! Dennis Bennett scores Chris McDaniel to second 1-0: Ball Wild Pitch! Chris McDaniel to third 2-0: Ball 3-0: Called Strike 3-1: Fly out, F7 (Line Drive, 7S, EV 97.5 MPH)
|
| Bottom of the 8th over - 2 runs, 3 hits, 0 errors, 1 left on base; University of Oklahoma 3 - Coastal Carolina University 3 |
| TOP OF THE 9TH |
|
University of Oklahoma Sooners batting - Pitching for Coastal Carolina University Chanticleers : LHP Rich Holliday
|
|
Pitching: RHP Ricky Diaz
|
|
|
Now in RF: Milo Karadzic
|
|
|
Pinch Hitting: LHB Alex Gutierrez
|
0-0: Ball 1-0: Ball 2-0: Swinging Strike 2-1: Foul Ball, location: 2F 2-2: Ball 3-2: Strikes out looking
|
|
Batting: SHB Orlando Uribe
|
0-0: Called Strike 0-1: Swinging Strike 0-2: Ball 1-2: Strikes out swinging
|
|
Batting: LHB Min-zhong Ching
|
0-0: Ball 1-0: Ball 2-0: Fly out, F8 (Flyball, 8RXD, EV 95.6 MPH)
|
| Top of the 9th over - 0 runs, 0 hits, 0 errors, 0 left on base; University of Oklahoma 3 - Coastal Carolina University 3 |
| BOTTOM OF THE 9TH |
|
Coastal Carolina University Chanticleers batting - Pitching for University of Oklahoma Sooners : LHP Bobby Cimilluca
|
|
Pitching: RHP Colin Jensen
|
|
|
Now at 1B: Ultse van den Hazel
|
|
|
Batting: RHB Rene Napoles
|
0-0: Called Strike 0-1: Ball 1-1: Ball 2-1: Fly out, F8 (Flyball, 89XD, EV 85.0 MPH)
|
|
Batting: RHB Tristan Williams
|
0-0: Called Strike 0-1: Swinging Strike 0-2: Ball 1-2: Strikes out swinging
|
|
Pinch Hitting: RHB Mark Tart
|
0-0: Ball 1-0: Called Strike 1-1: Swinging Strike 1-2: Ground out 5-3 (Groundball, 5L, EV 100.6 MPH)
|
| Bottom of the 9th over - 0 runs, 0 hits, 0 errors, 0 left on base; University of Oklahoma 3 - Coastal Carolina University 3 |
| TOP OF THE 10TH |
|
University of Oklahoma Sooners batting - Pitching for Coastal Carolina University Chanticleers : RHP Ricky Diaz
|
|
Pitching: RHP Dorian Sander
|
|
|
Now at C: Jason Melek
|
|
|
Batting: RHB Sam Mason
|
0-0: Called Strike 0-1: Ball 1-1: Foul Ball, location: 2F 1-2: Strikes out swinging
|
|
Pinch Hitting: LHB Jon Terrones
|
0-0: Ball 1-0: Called Strike 1-1: Foul Ball, location: 2F 1-2: Ball 2-2: SINGLE (Groundball, 4MD, EV 93.8 MPH)
|
|
Batting: RHB Jon Hubbard
|
0-0: Ball 1-0: Bunt missed! 1-1: Called Strike Jon Terrones is caught stealing 2nd base 2-4 1-2: Ball 2-2: Strikes out looking
|
| Top of the 10th over - 0 runs, 1 hit, 0 errors, 0 left on base; University of Oklahoma 3 - Coastal Carolina University 3 |
| BOTTOM OF THE 10TH |
|
Coastal Carolina University Chanticleers batting - Pitching for University of Oklahoma Sooners : RHP Colin Jensen
|
|
Pitching: LHP Jeff Bruggeman
|
|
|
Now at C: Nelson Morales
|
|
|
Batting: LHB Tim Kirby
|
0-0: Called Strike 0-1: Called Strike 0-2: Ball 1-2: Ball 2-2: Fly out, F8 (Flyball, 8LS, EV 98.1 MPH)
|
|
Batting: RHB Dennis Bennett
|
0-0: Called Strike 0-1: Ball 1-1: Ball 2-1: Ball 3-1: Base on Balls
|
|
Pinch Hitting: RHB Mike Grogan
|
0-0: Ball 1-0: Called Strike 1-1: Called Strike Dennis Bennett is caught stealing 2nd base 2-4 1-2: Ground out 5-3 (Groundball, 56S, EV 83.1 MPH)
|
| Bottom of the 10th over - 0 runs, 0 hits, 0 errors, 0 left on base; University of Oklahoma 3 - Coastal Carolina University 3 |
| TOP OF THE 11TH |
|
University of Oklahoma Sooners batting - Pitching for Coastal Carolina University Chanticleers : RHP Dorian Sander
|
|
Pitching: RHP Dennis Margolis
|
|
|
Now at 2B: Mike Grogan
|
|
|
Pinch Hitting: LHB Pedro Marrero
|
0-0: Ball 1-0: Foul Ball, location: 2F 1-1: Ball 2-1: Called Strike 2-2: DOUBLE (Line Drive, 7LD, EV 101.9 MPH)
|
|
Pinch Hitting: RHB Virgil Wenz
|
0-0: Ball 1-0: Foul Ball, location: 2F 1-1: Sac Bunt to P - play at first, batter OUT! 1-3 Pedro Marrero to third
|
|
Batting: RHB Jon Chatman
|
0-0: Intentional Walk
|
|
Batting: RHB Ultse van den Hazel
|
0-0: Ball 1-0: Foul Ball, location: 2F 1-1: Foul Ball, location: 2F 1-2: Strikes out looking Jon Chatman steals 2nd base (no throw) Batter strikes out.
|
|
Pinch Hitting: LHB Tony Moore
|
0-0: Ball 1-0: Ball 2-0: Called Strike 2-1: Foul Ball, location: 2F 2-2: Foul Ball, location: 2F 2-2: SINGLE (Groundball, 34, EV 99.4 MPH) Pedro Marrero scores Jon Chatman to third Runner from 3rd tries for Home, SAFE, throw by RF to home
|
|
Pinch Hitting: RHB Danny Ortiz
|
0-0: Called Strike 0-1: Called Strike 0-2: Strikes out swinging
|
| Top of the 11th over - 2 runs, 2 hits, 0 errors, 1 left on base; University of Oklahoma 5 - Coastal Carolina University 3 |
| BOTTOM OF THE 11TH |
|
Coastal Carolina University Chanticleers batting - Pitching for University of Oklahoma Sooners : LHP Jeff Bruggeman
|
|
Pitching: LHP Logan Watson
|
|
|
Now at 2B: Benedetto Legnano
|
|
|
Now in LF: Danny Ortiz
|
|
|
Now in CF: Michio Okamoto
|
|
|
Now in RF: Pedro Marrero
|
|
|
Batting: LHB Milo Karadzic
|
0-0: Ball 1-0: Foul Ball, location: 2F 1-1: Ball 2-1: Called Strike 2-2: Strikes out swinging
|
|
Pinch Hitting: RHB I-po Lin
|
0-0: Called Strike 0-1: Ball 1-1: Swinging Strike 1-2: Strikes out looking
|
|
Batting: SHB Iher Waithaka
|
0-0: Called Strike 0-1: Swinging Strike 0-2: Hit by Pitch
|
|
Batting: RHB Rene Napoles
|
0-0: Swinging Strike 0-1: Called Strike 0-2: Ball 1-2: Ball 2-2: Strikes out swinging
|
| Bottom of the 11th over - 0 runs, 0 hits, 0 errors, 1 left on base; University of Oklahoma 5 - Coastal Carolina University 3 |
|